Map: Polka LE

Players

Scorp

  • Race: Terran Terran
  • League: Diamond
  • Spawn Location: 11:00

glotkar

  • Race: Terran Terran
  • League: Diamond
  • Spawn Location: 11:00

Massa - Winner!

  • Race: Terran Terran
  • League: Platinum
  • Spawn Location: 5:00

qqq - Winner!

  • Race: Zerg Zerg
  • League: Platinum
  • Spawn Location: 5:00

VOD

Have the link to the VOD?

Description

Time

  • Played on: Dec. 6, 2020, 4:16 p.m.
  • Length: 22:29
Show
View Real Time Build Order
Export as new Build Order

Scorp Terran 

Build Orders: Command Center First (CC) 

Get SALT Encoding   

  12  0:00  SCV  
  13  0:13  SCV  
  14  0:25  Refinery  
  14  0:32  SCV  
  15  0:40  Supply Depot  
  15  1:02  SCV  
  16  1:09  Command Center  
  16  1:14  SCV  
  17  1:23  Barracks  
  17  1:28  SCV  
  18  1:40  SCV  
  19  1:58  SCV  
  20  2:05  Barracks  
  20  2:11  Orbital Command  
  20  2:12  Barracks Reactor  
  20  2:16  Factory  
  20  2:25  Orbital Command  
  20  2:36  SCV  
  21  2:42  Engineering Bay  
  21  2:48  SCV  
  21  2:50  Marine x2  
  24  2:53  Barracks Tech Lab  
  24  2:56  SCV  
  25  3:00  SCV  
  25  3:03  Starport  
  26  3:08  SCV  
  26  3:09  Marine  
  26  3:11  Marine  
  29  3:15  SCV  
  29  3:16  Factory Tech Lab  
  30  3:20  SCV  
  30  3:25  Refinery  
  31  3:27  SCV  
  31  3:29  Marine  
  31  3:30  Marine x2  
  31  3:32  SCV  
  36  3:40  SCV  
  37  3:45  SCV  
  38  3:54  Terran Infantry Weapons Level 1  
  38  3:56  Supply Depot  
  38  4:09  Supply Depot  
  38  4:10  Supply Depot  
  38  4:18  SCV x2, Marine x3  
  38  4:22  Bunker  
  38  4:23  Siege Tank  
  46  4:30  SCV x2  
  44  4:33  Supply Depot  
  44  4:36  Marine x3  
  46  4:42  Refinery, SCV x2  
  44  4:53  Marine x3  
  44  4:54  SCV  
  44  4:59  SCV  
  44  5:11  Marine x2  
  44  5:13  Liberator  
  42  5:23  Marine  
  42  5:28  SCV x2  
  42  5:29  Marine  
  43  5:35  Siege Tank  
  43  5:40  SCV x2  
  41  5:52  SCV x2  
  41  5:57  Viking  
  41  6:02  Missile Turret  
  43  6:04  SCV x2  
  45  6:16  SCV  
  45  6:17  SCV  
  47  6:23  Refinery  
  45  6:28  SCV  
  45  6:29  SCV  
  46  6:38  Starport Reactor  
  46  6:41  SCV x2  
  46  6:45  Command Center, Siege Tank  
  51  6:49  Barracks  
  51  6:53  SCV x2  
  53  6:54  Marine  
  53  6:55  Marine x2  
  56  7:05  SCV x2  
  58  7:12  Marine  
  59  7:17  SCV x2  
  61  7:28  Marine x2, Combat Shield  
  61  7:29  SCV x2  
  65  7:33  Missile Turret  
  65  7:37  Barracks  
  65  7:41  SCV x2  
  65  7:43  Marine  
  65  7:44  Siege Tank  
  65  7:46  Marine  
  65  7:48  Terran Infantry Armor Level 1  
  65  7:51  Armory  
  69  7:53  SCV  
  69  7:54  Barracks Reactor, Missile Turret  
  69  7:56  SCV  
  71  8:01  Missile Turret  
  71  8:02  Supply Depot  
  71  8:08  SCV  
  71  8:09  SCV x2  
  74  8:17  Marine x2  
  74  8:18  Marine  
  77  8:21  SCV  
  78  8:31  SCV, Engineering Bay  
  78  8:33  SCV, Orbital Command  
  80  8:35  Marine  
  80  8:36  Marauder  
  80  8:40  Missile Turret  
  83  8:43  SCV, Marine x4  
  83  8:45  SCV, Siege Tank  
  83  8:47  Stimpack  
  92  8:51  Supply Depot  
  92  8:53  Marine  
  92  8:54  Supply Depot  
  93  9:05  SCV x3, Marine, Viking, Medivac  
  101  9:13  Marine x5  
  109  9:17  Siege Tank  
  109  9:24  Marauder  
  111  9:30  Marine x2  
  113  9:35  Marine x2, Medivac  
  117  9:44  Supply Depot  
  117  9:45  Supply Depot  
  117  9:47  Marine  
  117  9:48  Supply Depot  
  116  9:59  Marauder, Liberator  
  117  10:04  Marine  
  117  10:05  Liberator, Marine x4  
  96  10:20  Marine  
  93  10:21  Siege Tank  
  93  10:22  Marine x3  
  96  10:30  Missile Turret  
  96  10:38  Marine  
  96  10:39  Marauder, Marine  
  96  10:40  Marine  
  101  10:43  Marine  
  101  10:44  Marine  
  103  10:50  Barracks  
  103  10:52  Barracks  
  103  10:53  Siege Tank  
  103  10:56  Marine  
  107  11:00  SCV x2, Marauder  
  107  11:01  SCV, Marine x4  
  107  11:03  Barracks  
  116  11:12  SCV  
  116  11:14  Marine  
  118  11:19  Marine x4, Medivac  
  118  11:21  Marauder  
  126  11:30  SCV x2  
  126  11:32  Marine  
  129  11:36  Marine  
  129  11:37  Marine x2  
  132  11:43  Marauder  
  127  11:47  Marine  
  127  11:50  Marine  
  126  11:54  Marine x2  
  126  11:55  Marine, Siege Tank  
  126  11:58  SCV x2  
  134  12:04  Marauder  
  134  12:05  Marine  
  134  12:08  Marine  
  138  12:11  Viking  
  138  12:12  Marine  
  141  12:24  Viking  
  140  12:39  Marine  
  141  12:55  Terran Infantry Armor Level 2, Terran Infantry Weapons Level 2  
  141  13:22  Supply Depot  
  141  13:23  Marine x3, Supply Depot  
  141  13:24  Marauder, Siege Tank  
  141  13:26  Supply Depot  
  149  13:29  Supply Depot  
  149  13:43  SCV x3, Marine, Viking x2  
  149  13:44  Marine  
  149  13:45  Marauder  
  160  13:55  SCV  
  160  13:56  Siege Tank  
  160  14:00  Barracks Reactor x3  
  164  14:03  Missile Turret  
  158  14:18  Barracks Reactor  
  156  14:35  Viking x2  
  160  14:38  Orbital Command  
  160  14:51  SCV x2  
  162  15:05  SCV, Liberator x2  
  162  15:06  SCV x2  
  167  15:14  Marine x4  
  167  15:15  Marine x4  
  167  15:18  SCV  
  167  15:46  Missile Turret  
  167  15:48  Liberator  
  170  16:00  Missile Turret  
  170  16:04  Marine x2  
  170  16:06  Missile Turret  
  172  16:15  Liberator  
  170  16:24  Fusion Core  
  170  16:26  Marine  
  170  16:29  Supply Depot x2  
  170  16:56  Refinery  
  170  16:57  Command Center  
  169  17:05  Terran Infantry Weapons Level 3  
  169  17:08  Terran Infantry Armor Level 3  
  169  17:10  Liberator x2  
  169  17:11  Marine x2  
  169  17:12  Marine x5  
  182  17:19  Advanced Ballistics  
  170  17:53  Viking x2  
  171  18:01  Siege Tank  
  171  18:14  Starport  
  171  18:23  Viking x2  
  169  18:33  Siege Tank  
  172  18:39  Supply Depot  
  172  18:40  Supply Depot  
  168  18:44  Planetary Fortress  
  168  18:53  Viking x2  
  172  19:23  Liberator x2  
  178  19:25  Ghost Academy  
  160  19:51  Liberator  
  163  20:06  Liberator, Viking  
  168  20:11  Nuke  
  168  20:14  Ghost  
  170  20:33  Viking  
  172  20:36  Viking  
  172  20:42  Ghost  
  172  21:38  Nuke  
Show
View Real Time Build Order
Export as new Build Order

glotkar Terran 

Build Orders:  

Get SALT Encoding   

  12  0:00  SCV  
  13  0:20  SCV, Supply Depot  
  14  0:34  SCV  
  15  0:39  Refinery  
  15  0:47  Barracks  
  15  0:48  SCV  
  16  1:00  SCV  
  17  1:12  SCV  
  18  1:25  SCV  
  19  1:26  Refinery  
  19  1:37  SCV  
  20  1:45  Command Center  
  20  1:55  Barracks Reactor  
  20  1:56  Orbital Command  
  20  2:23  SCV  
  21  2:31  Supply Depot  
  21  2:34  Reaper x2  
  23  2:39  Engineering Bay  
  23  2:44  Factory  
  23  2:52  SCV  
  23  2:57  Orbital Command  
  24  3:05  Barracks  
  24  3:08  Terran Infantry Weapons Level 1  
  24  3:11  Reaper  
  25  3:23  SCV x2  
  27  3:34  Starport  
  27  3:35  SCV x2  
  29  3:51  Reaper x2  
  29  3:54  Barracks Reactor  
  29  3:55  Barracks  
  30  4:06  Factory Tech Lab  
  30  4:21  SCV x2  
  30  4:24  Refinery  
  32  4:25  Refinery, Liberator  
  33  4:33  SCV  
  29  4:40  Reaper x2  
  27  4:58  Siege Tank  
  27  5:30  Reaper  
  28  5:41  Viking  
  30  5:51  Missile Turret  
  30  5:53  Missile Turret  
  30  6:18  SCV x2  
  32  6:20  Barracks Reactor  
  32  6:22  Terran Infantry Armor Level 1  
  32  6:30  SCV x2  
  34  6:36  Reaper  
  34  6:37  Reaper  
  36  6:42  SCV  
  36  6:43  Barracks Reactor  
  36  6:45  SCV  
  38  7:12  Supply Depot x2  
  38  7:15  Supply Depot  
  38  7:19  Armory  
  38  7:21  Engineering Bay  
  38  7:34  SCV x2, Reaper x4  
  38  7:36  Reaper  
  45  7:37  Reaper  
  46  7:44  Missile Turret  
  46  7:45  Missile Turret  
  46  7:46  SCV x2  
  48  7:59  Factory  
  48  8:06  Reaper  
  48  8:07  Drilling Claws, Missile Turret  
  48  8:09  Missile Turret  
  48  8:10  Reaper x3, Missile Turret  
  48  8:11  Reaper x2  
  54  8:13  SCV  
  54  8:14  SCV  
  56  8:26  SCV x2  
  58  8:36  Terran Infantry Weapons Level 2  
  58  8:37  Supply Depot x2  
  58  8:50  Factory Reactor  
  58  9:04  Terran Infantry Armor Level 2  
  58  9:08  Widow Mine  
  60  9:29  Widow Mine  
  51  9:51  Widow Mine  
  50  9:56  Reaper x5  
  50  9:57  Reaper  
  56  10:01  Widow Mine x2  
  56  10:04  SCV  
  56  10:05  SCV  
  62  10:10  Command Center  
  62  10:17  SCV x2  
  64  10:28  Reaper x4  
  62  10:46  Reaper x2  
  62  10:48  Widow Mine  
  62  10:49  Widow Mine x2  
  70  11:00  Reaper x2  
  72  11:04  Terran Infantry Weapons Level 3  
  72  11:10  Widow Mine  
  67  11:26  Reaper  
  67  11:27  Reaper x3  
  67  11:32  Reaper x2  
  73  11:38  SCV  
  73  11:39  SCV  
  75  11:41  SCV  
  76  11:50  SCV  
  76  11:51  SCV  
  76  11:53  SCV  
  79  11:59  Reaper  
  80  12:13  Siege Tank  
  80  12:14  Widow Mine x2  
  87  12:17  Starport Reactor  
  87  12:35  Widow Mine x2  
  91  12:38  Missile Turret  
  91  12:41  Missile Turret  
  70  13:53  Widow Mine  
  70  13:55  Medivac x2  
  76  13:56  Reaper  
  76  13:57  Reaper x5  
  82  14:14  Widow Mine  
  82  14:25  Medivac x2  
  82  14:28  Reaper  
  82  14:29  Reaper x3  
  90  14:36  Widow Mine  
  92  14:50  Planetary Fortress  
  92  15:02  Missile Turret  
  92  15:03  Missile Turret  
  92  15:05  Missile Turret x3  
  92  15:06  Missile Turret  
  92  15:09  Reaper x4  
  92  15:10  Reaper  
  92  15:13  Widow Mine  
  100  15:31  Reaper  
  100  15:42  Reaper x2  
  102  15:51  Reaper x2  
  104  16:03  Reaper  
  105  16:14  Reaper x2  
  107  16:23  Reaper  
  105  16:35  Reaper  
  106  16:42  Reaper  
  106  16:46  Reaper x2  
  109  16:50  Refinery  
  109  16:52  Refinery  
  109  16:56  Reaper  
  109  16:57  Command Center  
  98  17:01  Supply Depot  
  98  17:03  Supply Depot  
  98  17:04  Supply Depot  
  98  17:05  Supply Depot  
  98  17:07  Reaper, Supply Depot  
  99  17:09  Supply Depot  
  89  18:43  Reaper x2  
  89  18:44  Reaper  
  92  18:50  Terran Infantry Armor Level 3  
  92  19:00  Barracks  
  92  19:02  Barracks  
  92  19:06  Widow Mine x3  
  92  19:09  Barracks  
  98  19:13  Barracks  
  98  19:27  Widow Mine x2  
  98  19:28  Widow Mine  
  96  19:49  Widow Mine x3  
  93  20:04  Marine x3  
  93  20:05  Marine x2  
  98  20:07  Barracks Reactor x2  
  98  20:08  Barracks Tech Lab  
  98  20:10  Widow Mine, Barracks Tech Lab  
  100  20:22  Marine x5  
  105  20:40  Marine x4  
  61  21:32  Marine x5  
  55  21:36  Barracks Reactor  
  55  21:38  Marine x4  
  55  21:49  Refinery  
  55  21:50  Marine x5  
  58  21:56  Marine x4  
  56  22:07  Marine  
  56  22:08  Marine  
Show
View Real Time Build Order
Export as new Build Order

Massa Terran - Winner!

Build Orders: Liberator Opening 

Get SALT Encoding   

  12  0:00  SCV  
  13  0:12  SCV  
  14  0:23  Supply Depot  
  14  0:24  SCV  
  15  0:45  SCV  
  15  0:46  Barracks  
  16  0:52  Refinery  
  16  0:56  Refinery  
  17  0:57  SCV  
  17  1:09  SCV  
  18  1:21  SCV  
  19  1:34  Reaper  
  19  1:37  Orbital Command  
  20  1:47  Factory  
  20  2:06  Marine  
  21  2:08  Supply Depot  
  21  2:22  SCV  
  22  2:32  Starport  
  22  2:38  Barracks Tech Lab  
  22  2:45  SCV  
  23  2:55  Hellion  
  23  2:58  Command Center  
  25  3:01  SCV  
  26  3:05  Marine  
  26  3:08  Stimpack  
  27  3:16  Hellion  
  29  3:22  Supply Depot  
  29  3:24  SCV  
  30  3:38  Supply Depot  
  30  3:43  Liberator  
  30  3:44  Hellion  
  35  3:50  SCV  
  35  3:52  Marauder  
  38  4:05  Widow Mine  
  40  4:11  Engineering Bay  
  40  4:12  SCV  
  40  4:14  Supply Depot  
  40  4:15  Orbital Command  
  41  4:49  Hellion  
  43  5:11  Hellion  
  43  5:32  Hellion  
  37  5:48  SCV x2  
  39  5:55  Viking  
  41  5:57  Barracks  
  41  5:58  Barracks  
  41  5:59  Barracks  
  41  6:00  SCV x2  
  41  6:03  Barracks  
  41  6:04  Factory  
  39  6:12  SCV x2  
  41  6:24  SCV x2  
  40  6:35  Marauder  
  40  6:36  Combat Shield  
  42  6:41  SCV x2  
  42  6:45  Refinery x2  
  44  6:48  Terran Infantry Weapons Level 1  
  44  6:50  Armory  
  44  6:52  Barracks Reactor x2, Barracks Tech Lab x2  
  44  6:53  SCV x2  
  46  6:56  Factory Tech Lab  
  46  6:57  Marauder  
  48  7:05  SCV x2  
  50  7:17  SCV x2  
  50  7:21  Missile Turret  
  52  7:24  Missile Turret  
  52  7:28  Command Center  
  52  7:29  SCV  
  54  7:30  SCV  
  54  7:38  Command Center  
  54  7:39  Siege Tank  
  54  7:41  Marauder x3, Marine x2  
  54  7:42  Marine x2  
  67  7:47  Starport Reactor  
  67  7:54  Concussive Shells  
  67  7:59  Marine  
  67  8:00  Supply Depot  
  67  8:02  Marauder  
  67  8:04  Supply Depot  
  70  8:06  Supply Depot  
  70  8:08  Supply Depot  
  70  8:12  Supply Depot  
  70  8:13  Smart Servos, Supply Depot  
  70  8:22  Marauder x2, Siege Tank  
  70  8:25  Marine x3  
  70  8:26  Marauder  
  82  8:28  Factory Tech Lab  
  82  8:36  Supply Depot  
  82  8:37  Supply Depot  
  82  8:40  Supply Depot  
  82  8:41  Missile Turret  
  82  8:42  Terran Infantry Armor Level 1  
  82  8:43  Marauder x2  
  82  8:44  Terran Vehicle Weapons Level 1  
  86  8:58  SCV  
  86  8:59  SCV x2  
  89  9:11  SCV x3  
  89  9:13  Medivac x2  
  89  9:15  Marauder  
  98  9:19  Marauder, Marine  
  98  9:20  Missile Turret  
  98  9:23  SCV x3  
  104  9:32  Marauder, Marine x3  
  104  9:37  Marauder, Marine  
  112  9:40  Marauder  
  112  9:41  Missile Turret  
  114  9:50  Marine  
  114  9:51  Orbital Command  
  115  9:53  SCV x3, Marauder  
  120  10:05  SCV x2  
  120  10:06  SCV  
  121  10:07  Marauder x2  
  121  10:08  Marine  
  121  10:09  Marine x3  
  126  10:15  Marauder  
  127  10:22  Siege Tank x2  
  127  10:23  Medivac  
  127  10:26  Marine x2  
  137  10:29  Marauder x2  
  128  10:36  Marauder, Supply Depot  
  128  10:37  Supply Depot  
  130  10:42  Viking  
  132  10:50  Marauder x2  
  132  10:53  Viking  
  132  10:54  Siege Tank x2  
  144  10:58  Marauder  
  146  11:11  Marauder  
  146  11:12  Marauder  
  150  11:19  Marauder  
  152  11:26  Siege Tank  
  155  11:35  Siege Tank  
  155  11:37  Marauder x2, Marine x4  
  166  11:40  SCV x3, Marauder  
  171  11:47  Planetary Fortress  
  171  11:52  SCV x3  
  174  11:55  Marine x3  
  174  11:58  Marauder x2, Siege Tank  
  184  12:02  Marauder  
  184  12:04  SCV x2  
  188  12:31  Supply Depot  
  188  12:33  Supply Depot  
  188  12:35  Supply Depot  
  188  12:36  Supply Depot  
  188  12:37  Supply Depot x2  
  188  12:41  Supply Depot  
  188  12:43  SCV x2  
  188  12:53  Marauder x2, Marine, Siege Tank  
  188  12:54  Supply Depot  
  188  12:55  SCV x2, Marauder, Marine  
  200  12:59  Siege Tank  
  198  13:07  SCV  
  198  13:10  Viking  
  185  13:37  Terran Infantry Weapons Level 2  
  185  13:39  SCV  
  185  13:40  SCV x3  
  179  13:51  SCV  
  179  13:52  SCV x3  
  183  14:03  SCV  
  183  14:04  SCV x3  
  186  14:16  SCV  
  178  14:42  Refinery x2  
  178  14:56  SCV x2  
  178  14:57  SCV x2  
  182  15:04  Refinery  
  182  15:05  Refinery, Command Center  
  182  15:20  Viking  
  182  15:21  Viking  
  186  15:38  Drilling Claws  
  186  15:41  Engineering Bay  
  186  15:50  Viking  
  186  15:51  Viking  
  187  16:20  Viking x2  
  187  16:22  Marauder  
  187  16:23  Marauder x2, Marine x2  
  187  16:24  Marine  
  200  16:36  Terran Infantry Armor Level 2, Terran Infantry Weapons Level 3  
  200  16:39  Barracks x2  
  200  16:42  Barracks  
  200  17:14  Planetary Fortress  
  200  17:17  Refinery  
  200  17:19  Refinery  
  200  17:22  Missile Turret  
  189  17:30  Barracks  
  185  17:38  Viking x2  
  185  17:43  Marauder x3, Marine  
  185  17:44  Marine  
  197  17:52  Command Center  
  195  18:04  Marauder x2  
  199  18:26  Marauder  
  189  18:28  Viking x2  
  191  18:42  Thor x2  
  191  18:47  Terran Vehicle Weapons Level 2  
  197  18:50  Armory  
  197  18:58  Viking  
  197  19:22  Medivac  
  199  19:29  Planetary Fortress  
  199  19:32  Missile Turret  
  199  19:36  Missile Turret  
  195  19:46  Viking  
  195  19:52  Viking  
  199  19:55  Missile Turret  
  199  19:59  Missile Turret  
  199  20:03  Refinery x2  
  199  20:21  Hi-Sec Auto Tracking  
  199  20:23  Terran Vehicle And Ship Armor Level 1  
  186  21:05  Viking x2  
  186  21:07  Siege Tank x2  
  194  21:35  Viking x2  
  155  22:02  Marauder  
  155  22:03  Barracks Tech Lab, Marauder x2  
  155  22:04  Barracks Reactor x2, Barracks Tech Lab, Marine  
  155  22:05  Marine x3  
Show
View Real Time Build Order
Export as new Build Order

qqq Zerg - Winner!

Build Orders: Pool First 

Get SALT Encoding   

  12  0:01  Drone  
  13  0:09  Drone  
  14  0:29  Spawning Pool  
  14  0:30  Drone  
  14  0:37  Overlord  
  14  1:06  Hatchery  
  13  1:12  Drone  
  13  1:13  Drone  
  13  1:15  Drone  
  16  1:30  Roach Warren  
  15  1:33  Extractor  
  15  1:34  Drone  
  15  1:38  Drone  
  16  1:50  Drone  
  17  1:58  Queen  
  19  2:01  Drone  
  20  2:10  Roach  
  22  2:19  Roach  
  22  2:21  Drone  
  25  2:26  Queen  
  27  2:33  Overlord  
  27  2:38  Drone  
  28  2:49  Overlord  
  28  2:53  Roach  
  28  2:55  Roach  
  32  3:03  Roach  
  32  3:04  Roach  
  36  3:08  Drone  
  37  3:14  Roach  
  37  3:18  Roach  
  41  3:21  Drone  
  42  3:27  Overlord  
  42  3:35  Roach  
  42  3:40  Overlord  
  44  4:05  Drone, Roach x3  
  47  4:38  Roach  
  47  4:39  Roach  
  47  4:40  Overlord x2  
  47  4:41  Overlord  
  47  4:42  Drone  
  52  5:02  Roach  
  52  5:03  Hatchery, Roach x4  
  47  5:44  Lair  
  47  5:45  Drone x2  
  47  5:46  Roach  
  51  5:52  Extractor  
  51  5:55  Drone  
  51  5:56  Roach  
  53  5:57  Drone  
  53  5:58  Drone  
  53  6:00  Extractor  
  53  6:01  Extractor  
  53  6:09  Drone  
  54  6:15  Drone  
  55  6:32  Drone x3  
  58  6:33  Drone x3  
  58  6:34  Drone  
  58  6:37  Hatchery  
  58  6:39  Spore Crawler  
  60  6:41  Drone x3, Hatchery  
  60  6:46  Drone  
  63  6:56  Spire  
  63  6:58  Drone  
  61  7:17  Drone x5  
  66  7:25  Evolution Chamber  
  64  7:46  Drone x4  
  64  7:47  Drone x4  
  64  7:49  Overlord x2  
  64  7:50  Queen  
  74  7:59  Glial Reconstitution  
  74  8:01  Zerg Melee Weapons Level 1  
  74  8:08  Drone x4  
  78  8:14  Spore Crawler  
  77  8:20  Mutalisk x2  
  77  8:22  Mutalisk, Spore Crawler x2  
  81  8:32  Mutalisk  
  81  8:33  Drone, Infestation Pit  
  81  8:34  Drone  
  84  8:36  Mutalisk  
  84  8:38  Drone  
  84  8:40  Drone  
  88  8:46  Hydralisk Den  
  88  8:47  Drone  
  88  8:54  Spore Crawler  
  87  8:56  Queen  
  87  9:01  Extractor, Drone  
  87  9:02  Drone x5, Extractor  
  94  9:07  Evolution Chamber  
  92  9:10  Drone x3  
  79  9:49  Drone x5  
  79  9:50  Drone x3  
  82  10:05  Mutalisk  
  82  10:06  Mutalisk x6  
  96  10:14  Drone x7  
  97  10:15  Drone x2  
  103  10:21  Queen  
  103  10:25  Hive  
  103  10:26  Zerg Ground Armor Level 1  
  103  10:27  Zerg Missile Weapons Level 1  
  105  10:29  Muscular Augments  
  105  10:31  Overlord x2  
  105  10:47  Ravager x2  
  105  10:48  Ravager  
  108  10:51  Hydralisk  
  108  10:52  Drone x3  
  108  10:53  Drone x6  
  108  10:54  Overlord x5  
  119  11:00  Spine Crawler  
  115  11:27  Hydralisk x6  
  115  11:29  Drone x4  
  115  11:30  Drone x3  
  126  11:51  Mutalisk x2  
  126  11:52  Drone x5  
  126  11:53  Drone x3  
  138  11:59  Lurker Den  
  131  12:04  Spine Crawler  
  131  12:06  Queen, Spore Crawler  
  131  12:07  Drone  
  128  12:16  Drone x5  
  133  12:35  Mutalisk x3  
  133  12:36  Mutalisk, Hydralisk x2  
  145  12:37  Drone  
  145  12:38  Drone x5  
  145  12:41  Spine Crawler  
  145  12:42  Spine Crawler  
  148  12:44  Spore Crawler  
  148  12:45  Spore Crawler  
  148  12:50  Extractor  
  145  12:53  Extractor  
  145  12:55  Extractor  
  145  12:58  Hatchery  
  138  13:00  Hatchery  
  130  13:08  Drone x5  
  130  13:09  Drone x3  
  137  13:13  Hatchery  
  137  13:17  Drone  
  119  13:20  Drone x2  
  119  13:21  Drone  
  122  13:40  Drone x3  
  125  13:42  Drone x3, Overlord x2  
  125  13:44  Overlord x3  
  125  13:47  Zerg Ground Armor Level 2  
  125  13:48  Zerg Melee Weapons Level 2  
  128  13:52  Seismic Spines  
  128  13:53  Ultralisk Cavern  
  128  13:54  Grooved Spines  
  127  13:59  Spine Crawler x2  
  127  14:01  Spine Crawler  
  124  14:03  Spine Crawler, Spore Crawler  
  124  14:04  Spine Crawler x2  
  124  14:06  Drone x6  
  126  14:10  Spine Crawler x2  
  126  14:11  Drone  
  126  14:15  Mutalisk  
  126  14:16  Mutalisk  
  129  14:22  Queen  
  131  14:34  Drone x2  
  131  14:35  Drone x7  
  131  14:36  Drone  
  141  14:49  Adaptive Talons  
  138  14:55  Spore Crawler  
  138  14:57  Spore Crawler  
  138  14:59  Drone x3  
  139  15:00  Drone x3  
  141  15:21  Drone x4  
  141  15:22  Drone x8  
  141  15:23  Drone  
  141  15:27  Drone  
  141  15:28  Spore Crawler  
  153  15:31  Spore Crawler  
  153  15:33  Ultralisk  
  158  15:36  Anabolic Synthesis  
  159  15:43  Lurker x3  
  159  15:47  Drone x5  
  159  15:48  Drone x2  
  168  16:00  Drone  
  169  16:08  Drone x4  
  169  16:10  Spine Crawler  
  169  16:11  Spine Crawler  
  171  16:13  Spine Crawler  
  170  16:18  Chitinous Plating  
  140  16:36  Overseer x2  
  140  16:37  Overseer  
  140  16:38  Pneumatized Carapace  
  138  17:03  Mutalisk x6  
  150  17:09  Spine Crawler x3, Queen  
  150  17:10  Drone x3  
  150  17:11  Spine Crawler  
  151  17:17  Ultralisk x3  
  151  17:21  Zerg Missile Weapons Level 2, Zerg Ground Armor Level 3  
  169  17:33  Extractor, Spore Crawler  
  160  17:44  Drone x2  
  160  17:45  Drone x8  
  160  17:46  Drone x2  
  165  18:15  Hatchery  
  164  18:21  Drone x4  
  164  18:22  Drone x5  
  164  18:24  Spine Crawler  
  164  18:26  Extractor, Spine Crawler  
  170  18:27  Extractor  
  170  18:28  Spine Crawler  
  170  18:29  Spine Crawler  
  170  18:33  Hydralisk x6  
  175  18:35  Ultralisk  
  175  18:36  Drone  
  185  18:50  Queen  
  187  18:58  Ultralisk x2  
  187  18:59  Zergling x2  
  187  19:02  Overlord x2  
  200  19:06  Neural Parasite  
  200  19:07  Metabolic Boost  
  200  19:15  Nydus Network  
  200  19:16  Extractor  
  198  19:17  Extractor  
  197  19:37  Zerg Melee Weapons Level 3  
  192  20:06  Lurker x2  
  195  20:07  Lurker  
  195  20:08  Drone x2  
  195  20:09  Drone x3  
  200  20:19  Drone x3, Spine Crawler x3  
  200  20:25  Pathogen Glands  
  200  20:26  Adrenal Glands  
  124  22:08  Drone x4  
Tags
 
Add a new tag
Caveats
  • Supply blocks, unpowered buildings, or Contaminate may cause inaccurate times.
  • Supply counts are checked every 10 seconds.